 Dungeon Crawl Stone Soup version 0.23.2-40-g277498a (webtiles) character file.

Game seed: 7073158572751914693

310 BoppinsLewinski the Slasher (level 6, -1/47 HPs)
             Began as a Demonspawn Gladiator on Sept 3, 2019.
             Killed from afar by an orc wizard (7 damage)
             ... with a magic dart
             ... on level 4 of the Dungeon.
             The game lasted 00:12:37 (3313 turns).

BoppinsLewinski the Slasher (Demonspawn Gladiator)  Turns: 3313, Time: 00:12:37

Health: -1/47      AC:  9    Str: 17    XL:     6   Next: 17%
Magic:  0/6        EV:  8    Int:  9    God:
Gold:   188        SH:  0    Dex: 14    Spells: 5/5 levels left

rFire    . . .     SeeInvis .   a - +0 long sword
rCold    . . .     Gourm    .   (no shield)
rNeg     . . .     Faith    .   l - +0 chain mail
rPois    .         Spirit   +   c - +0 helmet
rElec    .         Reflect  .   (no cloak)
rCorr    .         Harm     .   (no gloves)
MR       .....                  (no boots)
Stlth    ..........             n - amulet of regeneration
HPRegen  0.55/turn              e - ring of attention (curse)
MPRegen  0.20/turn              (no ring)

@: about to teleport
A: magic shield, magic regeneration, rot immunity
a: no special abilities


You were on level 4 of the Dungeon.
You were near starving.

You visited 1 branch of the dungeon, and saw 4 of its levels.

You collected 188 gold pieces.

Inventory:

Hand Weapons
 a - a +0 long sword (weapon)
Armour
 c - a +0 helmet (worn)
 i - a +0 scale mail
 k - a +0 ring mail
 l - a +0 chain mail (worn)
Jewellery
 e - a cursed ring of attention (left hand)
 n - an amulet of regeneration (around neck)
 r - an uncursed ring of magical power
Wands
 j - a wand of digging (5)
Scrolls
 b - 2 scrolls of teleportation
 d - 2 scrolls of identify
 h - a scroll of magic mapping
 p - a scroll of amnesia
Potions
 g - a potion of mutation
Comestibles
 f - 9 rations


   Skills:
 + Level 3.3 Fighting
 * Level 4.5 Long Blades
 - Level 1.7 Throwing
 + Level 2.2 Armour
 + Level 3.7 Dodging


You had 5 spell levels left.
You didn't know any spells.
Your spell library contained the following spells:

 Spells                   Type           Power        Failure   Level  Hunger
 Magic Dart               Conj           #...         100%        1    ##.....
 Blink                    Tloc           N/A          100%        2    ###....
 Call Imp                 Summ           #.......     100%        2    ###....
 Slow                     Hex            #.......     100%        2    ###....
 Conjure Flame            Conj/Fire      #.......     100%        3    ####...
 Mephitic Cloud           Conj/Pois/Air  #.......     100%        3    ####...


Dungeon Overview and Level Annotations

Branches:
Dungeon (4/15)
 Temple: D:4-7

Altars:
Cheibriados

Shops:
D:4 ***(


Innate Abilities, Weirdness & Mutations

When hurt, damage is shared between your health and your magic reserves.
You regenerate magic rapidly.
You are immune to rotting.


Message History

The orc wizard hits you but does no damage.
You hear some strange, mumbled words.
The orc wizard hits you but does no damage.
A magic dart appears from out of thin air!
The magic dart hits you but does no damage.
The orc wizard barely misses you.
As you read the scroll of teleportation, it crumbles to dust.
You feel strangely unstable. Something hits you but does no damage.
The orc wizard points at you and mumbles some strange words.
The magic dart hits you.
* * * LOW HITPOINT WARNING * * *
Something hits you but does no damage.
The orc wizard hits you with a +0 dagger.
* * * LOW HITPOINT WARNING * * *
Unknown command.
Unknown command.
Unknown command.
The orc wizard gestures at you while chanting.
The magic dart hits you!
You die...

♣.♣.#..........)....# ##.
.∩..................#... ####..
♣.♣..........)<....##... #)...#
.⌠..##.................. #.#...
♣.♣.............#..###.#####.....
.∩..###..........................
♣.♣.# #.......o..#...#.##........
....###..........###...#..##...<.
..#..#..........@#.............(.
......................#.....##...
.##...#....[......#..##.###......
..................#.....###.....)
..##.#.........##.##.....##......
..##.........................>...
...#.#..#####.....>....#..####.##
.....#.. ######........##
......##### #....#.#.....#


You could see an orc wizard.

Vanquished Creatures
  2 ogres
  5 adders (D:3)
  An ooze (D:2)
  6 dart slugs
  7 leopard geckos
  4 orcs
  5 giant cockroaches
  8 hobgoblins
  5 jackals (D:2)
  2 quokkas
  6 bats
  2 frilled lizards
  11 goblins
  6 kobolds
  5 rats
75 creatures vanquished.

Notes
Turn   | Place    | Note
-------+----------+-------------------------------------------
     0 | D:1      | BoppinsLewinski the Demonspawn Gladiator began the quest
                  | for the Orb.
     0 | D:1      | Reached XP level 1. HP: 16/16 MP: 1/1
   260 | D:1      | Gained mutation: When hurt, damage is shared between your
                  | health and your magic reserves. [demonic ancestry]
   260 | D:1      | Reached XP level 2. HP: 20/22 MP: 2/2
   342 | D:1      | Reached skill level 3 in Long Blades
   640 | D:2      | Reached XP level 3. HP: 23/28 MP: 3/3
   701 | D:2      | Reached skill level 1 in Armour
   755 | D:2      | Found a snail-covered altar of Cheibriados.
  1916 | D:3      | Gained mutation: You are immune to rotting. [demonic
                  | ancestry]
  1916 | D:3      | Reached XP level 4. HP: 34/34 MP: 4/4
  2588 | D:3      | Noticed an ogre
  2596 | D:3      | Killed an ogre
  2596 | D:3      | Reached skill level 4 in Long Blades
  2596 | D:3      | Gained mutation: You regenerate magic rapidly. [demonic
                  | ancestry]
  2596 | D:3      | Reached XP level 5. HP: 41/41 MP: 5/5
  2935 | D:4      | Found Noxos's General Store.
  2935 | D:4      | Found Cilow's Antique Weapon Emporium.
  2936 | D:4      | Noticed an ogre
  2947 | D:4      | HP: 1/61 [ogre/+0 giant club (12)]
  2954 | D:4      | HP: 1/61 [ogre/+0 giant club (8)]
  2955 | D:4      | Killed an ogre
  2955 | D:4      | Reached XP level 6. HP: 1/47 MP: 0/6
  3202 | D:4      | Found Nuohalog's Assorted Antiques.
  3203 | D:4      | Found Jaumn's Assorted Antiques.
  3313 | D:4      | Killed from afar by an orc wizard

Skill      XL: |  1  2  3  4  5 |
---------------+----------------+-----
Long Blades    | 3 4 |  4.5
Dodging        | 3 |  3.7
Armour         | 1 2 |  2.2
Fighting       | 3 |  3.3
Throwing       | |  1.7

Action                   |  1- 3 |  4- 6 || total
-------------------------+-------+-------++-------
Melee: Long sword        |   120 |   116 ||   236
Throw: Throwing net      |     3 |     2 ||     5
       Stone             |     2 |       ||     2
  Use: Scroll            |     5 |     5 ||    10
       Potion            |       |     6 ||     6
 Stab: Held in net/web   |       |     1 ||     1
  Eat: Chunk             |     3 |     3 ||     6
Armor: Leather armour    |     3 |       ||     3
       Scale mail        |    62 |    38 ||   100
       Skin              |       |     3 ||     3
       Chain mail        |       |    32 ||    32
Dodge: Dodged            |    74 |    66 ||   140
       Rpst.: Long sword |    21 |    12 ||    33
